 Dungeon Crawl Stone Soup version 0.21-a0-125-gb006224 (webtiles) character file.

123 sagitran the Skirmisher (level 4, -1/35 (37) HPs)
             Began as a Demonspawn Abyssal Knight on July 13, 2017.
             Was a Believer of Lugonu.
             Succumbed to a worker ant's poison
             ... on level 5 of the Dungeon on July 14, 2017.
             The game lasted 00:22:08 (3617 turns).

sagitran the Skirmisher (Demonspawn Abyssal Knight) Turns: 3617, Time: 00:22:09

HP:   -1/35 (37)    AC:  3    Str: 13    XL:     4   Next: 79%
MP:   5/6           EV: 11    Int: 18    God:    Lugonu [**....]
Gold: 163           SH:  0    Dex: 13    Spells: 1/3 levels left

rFire    . . .     SeeInvis .   a - +1 hand axe
rCold    . . .     Gourm    .   (no shield)
rNeg     + . .     Faith    .   b - +0 leather armour
rPois    .         Spirit   .   (helmet restricted)
rElec    .         Reflect  .   (no cloak)
rCorr    .         Harm     .   (no gloves)
MR       .....                  (no boots)
Stlth    +.........             (no amulet)
HPRegen  0.11/turn              g - +5 ring of intelligence
MPRegen  0.10/turn              d - ring of positive energy

@: lethally poisoned (-1 -> -10)
A: claws 1, horns 1, powered by pain 1
a: Depart the Abyss, Bend Space, Renounce Religion


You were on level 5 of the Dungeon.
You worshipped Lugonu.
Lugonu was pleased with you.
You were not hungry.

You visited 1 branch of the dungeon, and saw 5 of its levels.
You visited the Abyss 1 time.

You collected 163 gold pieces.

Inventory:

Hand Weapons
 a - a +1 hand axe (weapon)
 l - a +2 dagger of draining
Armour
 b - a +0 leather armour (worn)
 h - a +1 pair of gloves
Jewellery
 d - a ring of positive energy (right claw)
 g - a +5 ring of intelligence (left claw)
Scrolls
 c - a scroll of magic mapping
 e - a scroll of random uselessness {unknown}
 f - a scroll of immolation {unknown}
 i - a scroll of enchant weapon
 j - a scroll of recharging
 k - a scroll of teleportation {unknown}
Books
 m - a book of Necromancy

   Spells                             Type                      Level
   a - Pain                           Necromancy                   1
   b - Animate Skeleton               Necromancy                   1
   c - Vampiric Draining              Necromancy                   3
   d - Regeneration                   Charms/Necromancy            3
   e - Animate Dead                   Necromancy                   4
   f - Control Undead                 Necromancy                   4


   Skills:
 + Level 4.0 Fighting
 + Level 2.7 Axes
 + Level 2.6 Armour
 + Level 1.5 Dodging
 + Level 0.2 Stealth
 + Level 2.9 Invocations


You had one spell level left.
You knew the following spells:

 Your Spells              Type           Power        Failure   Level  Hunger
a - Animate Skeleton      Necr           N/A          28%         1    ##.....
b - Pain                  Necr           #...         28%         1    ##.....


Dungeon Overview and Level Annotations

Branches:
Dungeon (5/15)
 Temple: D:4-7

Altars:
Cheibriados
Dithmenos
Sif Muna

Annotations:
D:4 Edmund, Pikel


Innate Abilities, Weirdness & Mutations

You have sharp fingernails.
You have a pair of small horns on your head.
You sometimes gain a little power by taking damage.


Message History

Pikel hits you but does no damage.
Pikel cracks his whip.
A worker ant comes into view.
You barely miss the worker ant. You hit Pikel.
The worker ant barely misses you. Pikel hits you with a whip of flaming!
Pikel burns you.
* * * LOW HITPOINT WARNING * * *
The worker ant bites you.
* * * LOW HITPOINT WARNING * * *
Space bends around you!
You blink.
The worker ant barely misses you.
Found a stone staircase leading down.
The worker ant barely misses you.
Found a metallic black potion.
There is a stone staircase leading down here.
The worker ant bites you.
* * * LOW HITPOINT WARNING * * *
You are lethally poisoned!
The worker ant poisons you!
You climb downwards.
You die...

#. #.
#.
###.###
#.....#
#.....#
#....a#
#...@(#
#.....#
#######
### ..#
#.# #.#
...


You could see a worker ant.

Vanquished Creatures
  A worker ant (D:3)
  A hound skeleton (D:4)
  4 adders
  3 leopard geckos
  An orc (D:3)
  7 bats
  3 giant cockroaches
  6 goblins
  5 hobgoblins
  3 jackals (D:1)
  2 ball pythons
  3 frilled lizards
  8 kobolds
  4 rats
51 creatures vanquished.

Notes
Turn   | Place    | Note
-------+----------+-------------------------------------------
     0 | Abyss:1  | sagitran the Demonspawn Abyssal Knight began the quest for the Orb.
     0 | Abyss:1  | Reached XP level 1. HP: 18/18 MP: 2/2
    13 | D:1      | Escaped the Abyss
   115 | D:1      | Gained mutation: You have a pair of small horns on your head. [demonic ancestry]
   115 | D:1      | Reached XP level 2. HP: 19/24 MP: 3/3
   251 | D:1      | Reached skill level 1 in Dodging
   379 | D:2      | Reached ** piety under Lugonu
   444 | D:2      | Found a faded altar of an unknown god.
   444 | D:2      | Found a deep blue altar of Sif Muna.
   451 | D:2      | Found a snail-covered altar of Cheibriados.
   453 | D:2      | Found a faded altar of an unknown god.
   454 | D:2      | Found a shadowy altar of Dithmenos.
   702 | D:2      | Gained mutation: You sometimes gain a little power by taking damage. [demonic ancestry]
   702 | D:2      | Reached XP level 3. HP: 20/29 MP: 5/5
  1601 | D:3      | Gained mutation: You have sharp fingernails. [demonic ancestry]
  1601 | D:3      | Reached XP level 4. HP: 36/37 MP: 6/6
  1661 | D:5      | Entered Level 5 of the Dungeon
  2360 | D:3      | Upgraded the game from 0.21-a0-122-g43b3ea6 to 0.21-a0-125-gb006224
  2362 | D:3      | Learned a level 1 spell: Animate Skeleton
  2364 | D:3      | Learned a level 1 spell: Pain
  2440 | D:4      | Reached skill level 4 in Fighting
  2621 | D:4      | Noticed a slave
  2621 | D:4      | Noticed a slave
  2622 | D:4      | Noticed a slave
  2623 | D:4      | Noticed Pikel
  2625 | D:4      | Noticed a slave
  2858 | D:4      | Noticed a necrophage
  2859 | D:4      | Noticed Edmund
  3616 | D:4      | HP: 1/35 [worker ant (4)]
  3617 | D:5      | Succumbed to a worker ant's poison

Vault maps used:
D:1:      lightli_arrival_noodles, wad_floor_pattern_2
D:2:      chequers_temple_overflow_minitemple
D:3:      first_bread, kennysheep_generic_room_13
D:4:      minmay_temple_entry_enclosed_plants, hangedman_decor_riveting,
          uniq_pikel, uniq_edmund
D:5:      lemuel_zombie_altar_yredelemnul

Skill      XL: |  1  2  3  4 |
---------------+-------------+-----
Armour         | 2 |  2.6
Dodging        | 1 |  1.5
Axes           | 2 |  2.7
Fighting       | 4 |  4.0
Stealth        | |  0.2
Invocations    | |  2.9

Action                   |  1- 3 |  4- 6 || total
-------------------------+-------+-------++-------
Melee: Hand axe          |    76 |    67 ||   143
       Headbutt          |    10 |    12 ||    22
 Cast: Pain              |       |     4 ||     4
Invok: Bend Space        |       |     2 ||     2
  Use: Potion            |     1 |     2 ||     3
       Scroll            |       |     8 ||     8
 Stab: Sleeping          |       |     1 ||     1
  Eat: Bread ration      |     1 |     1 ||     2
       Fruit             |       |     1 ||     1
Armor: Leather armour    |    24 |    16 ||    40
Dodge: Dodged            |    78 |    52 ||   130
